 Dungeon Crawl Stone Soup version 0.30-a0-118-ga018f8e90f (webtiles) character file.

Game seed: 8672672803010543017

179 Hubris850 the Shooter (level 5, -3/30 HPs)
             Began as a Deep Elf Hunter on Sept 13, 2022.
             Slain by Grinder (6 damage)
             ... in a sewer.
             The game lasted 00:07:08 (2213 turns).

Hubris850 the Shooter (Deep Elf Hunter)             Turns: 2213, Time: 00:07:08

Health: -3/30      AC:  3    Str:  8    XL:     5   Next: 32%
Magic:  7/7        EV: 12    Int: 16    God:
Gold:   117        SH:  0    Dex: 18    Spells: 4/4 levels left

rFire   + . .      SeeInvis .    a - +0 shortbow
rCold   + . .      Faith    .    (shield currently unavailable)
rNeg    . . .      Spirit   .    c - +0 leather armour
rPois   +          Reflect  .    (no helmet)
rElec   +          Harm     .    (no cloak)
rCorr   +          Rampage  .    (no gloves)
Will    .....                    (no boots)
Stlth   ++........               (no amulet)
HPRegen 0.10/turn                (no ring)
MPRegen 0.10/turn                (no ring)

@: resistant, attractive
A: no striking features
a: no special abilities


You were in a sewer.
You visited 1 branch of the dungeon, and saw 3 of its levels.
You also visited: Sewer.

You collected 117 gold pieces.

Inventory:

Hand Weapons
 a - a +0 shortbow (weapon)
 h - a +2 short sword of freezing
Missiles
 g - 2 poisoned darts
 q - 3 boomerangs of dispersal
Armour
 c - a +0 leather armour (worn)
Scrolls
 b - a scroll of immolation
 f - 2 scrolls of teleportation {unknown}
 i - a scroll of poison {unknown}
 k - a scroll of fear {unknown}
 m - a scroll of summoning {unknown}
 o - a scroll of identify {unknown}
 r - a scroll of magic mapping {unknown}
Potions
 e - a potion of curing
 n - a potion of invisibility {unknown}
 p - a potion of might {unknown}


   Skills:
 + Level 2.2 Fighting
 + Level 7.7 Ranged Weapons
 + Level 1.6 Armour
 + Level 2.5 Dodging
 + Level 1.2 Stealth


You had 4 spell levels left.
You didn't know any spells.
Your spell library contained the following spells:

 Spells                   Type           Power      Damage    Failure   Level
 Apportation              Tloc           0%         N/A       34%         1
 Cigotuvi's Dreadful Rot  Necr/Pois/Air  0%         N/A       47%         2
 Dispel Undead            Necr           0%         3d6       98%         4
 Alistair's Intoxication  Tmut/Pois      0%         N/A       100%        5
 Death Channel            Necr           0%         N/A       100%        6


Dungeon Overview and Level Annotations

Branches:
Dungeon (3/15)              Sewer (1/1)

Altars:

Shops:
D:1 *

Annotations:
Sewer Grinder


Message History

You shoot an arrow. The arrow hits Grinder!
Grinder is moderately wounded.
Grinder gestures at you.
You suddenly lose the ability to move!
The kobold completely misses you. The kobold hits you with a +0 club.
The kobold hits you but does no damage.
You can move again.
Unknown command.
Unknown command.
Throw: 4 boomerangs (disperse)
Press: ? - help, Shift-Dir - straight line, f/p - Grinder
Aim: Grinder (moderately wounded, 58% to hit)
You throw a boomerang of dispersal.
The boomerang of dispersal hits Grinder.
Grinder blinks!
Grinder is moderately wounded.
The kobold barely misses you. The kobold hits you but does no damage.
Fire: a) +0 shortbow
Press: ? - help, Q - select action, (/) - cycle Shift-Dir - straight line, f/p - Grinder
Aim: Grinder (moderately wounded, 62% to hit)
You shoot an arrow.
The arrow hits Grinder but does no damage.
Grinder is moderately wounded.
Grinder gestures at you. Pain shoots through your body!
The kobold hits you with a +0 club.
It was a potion of resistance.
You feel protected. The kobold hits you but does no damage.
Fire: a) +0 shortbow
Press: ? - help, Q - select action, (/) - cycle Shift-Dir - straight line, f/p - Grinder
Aim: Grinder (moderately wounded, 62% to hit)
You shoot an arrow. The arrow barely misses Grinder.
Grinder closely misses you. The kobold barely misses you.
Unknown command.
It was a potion of attraction.
You feel attractive to monsters. Grinder hits you!
* * * LOW HITPOINT WARNING * * *
You writhe in agony.
You die...

#......#≈≈~#......#
#'#######≈#######'#
......#...#....).#
~~~~~≈...).~~≈.~~#
≈≈≈≈≈≈#).)#~≈~~≈≈#
########(#########
###.).### #####
#...⌠...#≈≈≈≈≈~
+.....5@K.....(
+.⌠._.⌠.'......
+.......'......
#..⌠.⌠..#≈≈≈≈≈~
##.....########
##+++##


You could see Grinder and a kobold.

Vanquished Creatures
  A kobold brigand (Sewer)
  2 adders (D:2)
  A white imp (D:3)
  2 ufetubi (Sewer)
  An adder zombie (Sewer)
  A worm (D:2)
  An orc (D:2)
  5 ball pythons
  A bat zombie (Sewer)
  4 endoplasms
  5 giant cockroaches
  6 goblins
  4 hobgoblins
  12 kobolds
  7 quokkas
  2 bats (D:1)
  2 frilled lizards (D:1)
  2 giant cockroach zombies (Sewer)
  A kobold zombie (Sewer)
  4 rats
64 creatures vanquished.

Notes
Turn   | Place    | Note
-------+----------+-------------------------------------------
     0 | D:1      | Hubris850 the Deep Elf Hunter began the quest for the Orb.
     0 | D:1      | Reached XP level 1. HP: 12/12 MP: 3/3
   202 | D:1      | Found Xumpythri's General Store.
   212 | D:1      | Reached XP level 2. HP: 16/17 MP: 4/4
   246 | D:1      | Reached skill level 6 in Ranged Weapons
   581 | D:1      | Found a faded altar of an unknown god.
   811 | D:2      | Reached XP level 3. HP: 21/21 MP: 5/5
  1618 | D:3      | Reached skill level 7 in Ranged Weapons
  1618 | D:3      | Reached XP level 4. HP: 26/26 MP: 6/6
  1652 | D:3      | Found a glowing drain.
  1670 | Sewer    | Entered a sewer
  1985 | Sewer    | Found an ancient bone altar of Kikubaaqudgha.
  1985 | Sewer    | Noticed a kobold brigand
  1991 | Sewer    | Reached skill level 1 in Armour
  2011 | Sewer    | Killed a kobold brigand
  2012 | Sewer    | Reached XP level 5. HP: 18/30 MP: 7/7
  2198 | Sewer    | Noticed Grinder
  2201 | Sewer    | Paralysed by Grinder for 2 turns
  2206 | Sewer    | Paralysed by Grinder for 3 turns
  2213 | Sewer    | Slain by Grinder

Illustrated notes

Levels and vault maps discovered:
D:1:      dpeg_arrival_three_same_balls, layout_basic, serial_shops,
          nicolae_diamond_shop, ebering_ecumenical_altar_box, chequers_garden,
          hangedman_decor_points
D:2:      layout_rooms, grunt_ministairs_3
D:3:      kb_forest_paths, layout_basic, portal_sewer_entry_f,
          mrwooster_statue_mirror
Sewer:    kennysheep_sewer_church

Skill      XL: |  1  2  3  4 |
---------------+-------------+-----
Ranged Weapons | 6 7 |  7.7
Fighting       | 2 |  2.2
Armour         | 1 |  1.6
Dodging        | |  2.5
Stealth        | |  1.2

Action                   |  1- 3 |  4- 6 || total
-------------------------+-------+-------++-------
 Fire: Shortbow          |   103 |    75 ||   178
Throw: Dart              |       |     2 ||     2
       Boomerang         |       |     2 ||     2
  Use: Potion            |       |     5 ||     5
Armor: Leather armour    |     6 |    11 ||    17
       Skin              |       |    32 ||    32
Dodge: Dodged            |    12 |    25 ||    37

Table legend: (Time is in decaauts)
 A = Elapsed time spent in this place.
 B = Non-inter-level travel time spent in this place.
 C = Inter-level travel time spent in this place.
 D = Time resting spent in this place.
 E = Time spent auto-exploring this place.
 F = Levels seen in this place.
 G = Mean time per level.
                   A        B        C        D        E       F      G
               +--------+--------+--------+--------+--------+-----+--------+
         Total |   2254 |   2234 |     20 |    167 |   1660 |   4 |  563.5 |
       Dungeon |   1699 |   1679 |     20 |      0 |   1375 |   3 |  566.3 |
         Sewer |    555 |    555 |      0 |    167 |    285 |   1 |  555.0 |
               +--------+--------+--------+--------+--------+-----+--------+

Top non-repeatable levels by time:
     D:2: 747 daAuts
     D:1: 641 daAuts
   Sewer: 555 daAuts
     D:3: 310 daAuts
